 Dungeon Crawl Stone Soup version 0.28.0-53-g5a82cb258f (webtiles) character file.

Game seed: 9478629170955581195

802 Groucho the Covert (level 7, -4/32 HPs)
             Began as a Spriggan Enchanter on June 6, 2022.
             Slain by an orc warrior
             ... wielding a +0 mace
              (10 damage)
             ... on level 5 of the Dungeon.
             The game lasted 00:12:37 (9372 turns).

Groucho the Covert (Spriggan Enchanter)             Turns: 9372, Time: 00:12:38

Health: -4/32      AC:  2    Str:  8    XL:     7   Next: 59%
Magic:  12/15      EV: 19    Int: 17    God:
Gold:   127        SH:  0    Dex: 15    Spells: 11/16 levels left

rFire   + . .      SeeInvis +   g - +10 rapier of Melee {flame, rF+ Str+2}
rCold   . . .      Faith    .   (no shield)
rNeg    . . .      Spirit   .   b - +0 robe
rPois   .          Reflect  .   (helmet restricted)
rElec   .          Harm     .   (no cloak)
rCorr   .          Rampage  .   (gloves unavailable)
Will    +....                   (boots unavailable)
Stlth   ++++......              (no amulet)
HPRegen 0.10/turn               (no ring)
MPRegen 0.14/turn               (no ring)

@: confusing by touch, very quick
A: very small, no large weapons, unfitting armour, see invisible, speed 3
a: no special abilities


You were on level 5 of the Dungeon.
You visited 1 branch of the dungeon, and saw 6 of its levels.

You collected 127 gold pieces.

Inventory:

Hand Weapons
 a - a +1 dagger
 g - the +10 rapier of Melee (weapon) {flame, rF+ Str+2}
   (You found it on level 2 of the Dungeon)

   It burns those it strikes, dealing additional fire damage.
   Str:       It affects your strength (+2).
   rF:        It protects you from fire.
Missiles
 j - 37 stones (quivered)
Armour
 b - a +0 robe (worn)
Jewellery
 d - a +4 ring of evasion
Wands
 l - a wand of charming (6)
 p - a wand of digging (4)
Scrolls
 e - 2 scrolls of silence
 f - a scroll of teleportation {unknown}
 h - a scroll of blinking {unknown}
 i - a scroll of identify
 k - a scroll of amnesia {unknown}
 m - a scroll of vulnerability {unknown}
 n - a scroll of fog {unknown}
 o - a scroll of torment {unknown}
 s - a scroll of noise {unknown}
Potions
 c - a potion of invisibility
 q - 2 potions of attraction {unknown}


   Skills:
 - Level 0.2 Fighting
 * Level 3.6 Short Blades
 * Level 5.1 Dodging
 * Level 8.2 Stealth
 * Level 5.2 Spellcasting
 * Level 5.8 Hexes
 - Level 0.3 Ice Magic


You had 11 spell levels left.
You knew the following spells:

 Your Spells              Type           Power      Damage    Failure   Level
a - Ensorcelled Hibernat  Hex/Ice        28%        N/A       6%          2
b - Confusing Touch       Hex            24%        N/A       3%          3

Your spell library contained the following spells:

 Spells                   Type           Power      Damage    Failure   Level
 Tukima's Dance           Hex            24%        N/A       3%          3
 Dazzling Flash           Conj/Hex       28%        N/A       13%         3


Dungeon Overview and Level Annotations

Branches:
Dungeon (6/15)
 Temple: D:4-7

Altars:
Cheibriados
Sif Muna


Innate Abilities, Weirdness & Mutations

You are very small and have problems with some larger weapons.
You are too small for most types of armour.
You have supernaturally acute eyesight. (SInv)
You cover ground extremely quickly. (Speed+++)


Message History

You are too injured to fight recklessly!
You are too injured to fight recklessly!
You are too injured to fight recklessly!
You are too injured to fight recklessly!
You are too injured to fight recklessly!
You hit the phantom but do no damage. The phantom hits you.
* * * LOW HITPOINT WARNING * * *
You feel better.
Your hands stop glowing.
The phantom hits you.
You puncture the phantom! You burn the phantom.
The phantom is moderately damaged.
The phantom misses you.
The orc hits you from afar with a +0 trident!
* * * LOW HITPOINT WARNING * * *
There is a stone staircase leading down, spattered with blood here.
The orc misses you.
You climb downwards.
There is a stone staircase leading up here.
You start resting.
You start resting.
HP restored.
You start waiting.
Done waiting.
You start waiting.
Done waiting.
Casting: Confusing Touch (dangerous; 3% risk of failure)
Confirm with . or Enter, or press ? or * to list all spells.
Your hands begin to glow red.
You climb upwards.
The orc warrior hits you with a +0 mace!
The phantom hits you.
The orc warrior hits you with a +0 mace.
There is a stone staircase leading down, spattered with blood here.
You closely miss the orc warrior. Your punch misses the orc warrior.
The phantom hits you.
* * * LOW HITPOINT WARNING * * *
The orc misses you.
The orc warrior hits you with a +0 mace!
You die...

###.###..##
#.##..## #....####
####....# ##.##.#
## #..##.####...
#.........(#
###..>..oW####
##.....o.@..## ###
#..###..#.#..## #.#
#..#⌠#.##..#..###.#
#..###.###.##.#[..#
#......# #.##.#.###
#..##### #.[#...#
##.# ##...##### #.#
##.....#)# #.#
#..##....#


You could see an orc warrior, a phantom and an orc.

Vanquished Creatures
  Sigmund (D:4)
  Edmund (D:4)
  A black bear (D:3)
  Blork the orc (D:4)
  2 orc priests
  An iguana (D:6)
  An orc wizard (D:4)
  Natasha (thrice) (D:3)
  A hound skeleton (D:4)
  4 gnolls
  4 adders
  A worm (D:2)
  3 dart slugs
  5 orcs
  10 endoplasms
  3 giant cockroaches
  11 goblins
  10 hobgoblins
  2 jackals (D:1)
  4 quokkas
  7 ball pythons
  10 bats
  11 frilled lizards
  4 kobolds
  A quokka skeleton (D:4)
  7 rats
109 creatures vanquished.

Notes
Turn   | Place    | Note
-------+----------+-------------------------------------------
     0 | D:1      | Groucho the Spriggan Enchanter began the quest for the Orb.
     0 | D:1      | Reached XP level 1. HP: 9/9 MP: 5/5
   681 | D:1      | Reached skill level 5 in Stealth
   681 | D:1      | Reached XP level 2. HP: 5/13 MP: 6/6
   684 | D:1      | Learned a level 2 spell: Ensorcelled Hibernation
  2142 | D:1      | Found a faded altar of an unknown god.
  2233 | D:1      | Reached XP level 3. HP: 7/16 MP: 8/8
  3661 | D:2      | Reached skill level 6 in Stealth
  3706 | D:2      | Identified the +10 rapier of Melee {flame, rF+ Str+2}
  3788 | D:2      | Found a shimmering blue altar of Sif Muna.
  4228 | D:3      | Noticed a black bear
  4283 | D:2      | Reached XP level 4. HP: 21/21 MP: 4/9
  5359 | D:3      | Killed a black bear
  5360 | D:3      | Reached XP level 5. HP: 15/24 MP: 6/11
  5517 | D:3      | Found a snail-covered altar of Cheibriados.
  5532 | D:3      | Reached skill level 7 in Stealth
  5714 | D:3      | Identified the +1 war axe "Naowoech" {freeze, Fragile rN+++
                  | Int-4 Dex+3}
  5790 | D:3      | Noticed Natasha
  5799 | D:3      | Killed Natasha
  6320 | D:3      | Noticed Natasha
  6326 | D:3      | Killed Natasha
  6327 | D:3      | Reached XP level 6. HP: 28/28 MP: 10/13
  6370 | D:3      | Noticed Natasha
  6379 | D:3      | Killed Natasha
  7113 | D:3      | Reached skill level 5 in Hexes
  7383 | D:4      | Noticed Blork the orc
  7392 | D:4      | Killed Blork the orc
  7571 | D:4      | Noticed Sigmund
  7582 | D:4      | Killed Sigmund
  7583 | D:4      | Reached XP level 7. HP: 29/32 MP: 9/15
  7950 | D:4      | Noticed Edmund
  7972 | D:4      | Killed Edmund
  7973 | D:4      | Reached skill level 5 in Dodging
  7973 | D:4      | Reached skill level 8 in Stealth
  7973 | D:4      | Reached skill level 5 in Spellcasting
  8434 | D:5      | Entered Level 5 of the Dungeon
  8866 | D:6      | Learned a level 3 spell: Confusing Touch
  9372 | D:5      | Slain by an orc warrior

Illustrated notes

Levels and vault maps discovered:
D:1:      wander_arrival_chamber, layout_basic, chequers_ecumenical_altar_simple
D:2:      layout_basic, basic_altar
D:3:      layout_loops_ring, cheibriados_altar_1, nrook_campfire,
          minmay_misc_feat_nine_boxes, serial_bayou_lagoon_a,
          kennysheep_generic_room_15, uniq_natasha
D:4:      layout_rooms, uniq_blork_the_orc, uniq_sigmund, uniq_edmund
D:5:      layout_rooms, marbit_many_paths, minmay_temple_entry_fiery,
          serial_glass, glass_columns_b, glass_columns_b, feat_on_display,
          due_unseen_surprise
D:6:      layout_cave_pods, minmay_misc_feat_chi, ebering_dispersal_statue_hall

Skill      XL: |  1  2  3  4  5  6  7 |
---------------+----------------------+-----
Stealth        | 5 6 7 8 |  8.2
Hexes          | 4 5 |  5.8
Spellcasting   | 3 4 5 |  5.2
Dodging        | 3 4 5 |  5.1
Short Blades   | 2 3 |  3.6
Fighting       | |  0.2
Ice Magic      | |  0.3

Action                   |  1- 3 |  4- 6 |  7- 9 || total
-------------------------+-------+-------+-------++-------
Melee: Dagger            |   138 |       |       ||   138
       Punch             |     5 |       |       ||     5
       Rapier            |    11 |    65 |    44 ||   120
Throw: Stone             |       |       |     1 ||     1
 Cast: Ensorcelled Hiber |    22 |    23 |     6 ||    51
       Confusing Touch   |       |       |     2 ||     2
  Use: Scroll            |       |       |     2 ||     2
       Potion            |       |       |     1 ||     1
 Stab: Sleeping          |    18 |    27 |     7 ||    52
       Distracted        |       |     1 |     1 ||     2
Armor: Robe              |     9 |     6 |     2 ||    17
Dodge: Dodged            |   100 |    35 |    42 ||   177
